 Dungeon Crawl Stone Soup version 0.21.1-1-g345015f (webtiles) character file.

1538 kaesh the Grappler (level 8, 0/78 HPs)
             Began as a Troll Monk on Mar 13, 2018.
             Was a Follower of Ru.
             Slain by an orc warrior
             ... wielding a +0 short sword
              (18 damage)
             ... on level 6 of the Dungeon.
             The game lasted 00:16:06 (4885 turns).

kaesh the Grappler (Troll Monk)                     Turns: 4885, Time: 00:16:07

Health: 0/78       AC:  6    Str: 22    XL:     8   Next: 56%
Magic:  7/7        EV: 12    Int:  6    God:    Ru [*.....]
Gold:   308        SH:  0    Dex: 12    Spells: 7/7 levels left

rFire    . . .     SeeInvis .     - Unarmed
rCold    . . .     Gourm    +   (no shield)
rNeg     . . .     Faith    .   a - +1 robe
rPois    .         Spirit   .   (helmet restricted)
rElec    .         Reflect  .   c - scarf {repulsion}
rCorr    .         Harm     .   (gloves unavailable)
MR       .....                  (boots unavailable)
Stlth    +++.......             (no amulet)
HPRegen  0.63/turn              o - ring of stealth
MPRegen  0.10/turn              (no ring)

@: repel missiles
A: large, unfitting armour, claws 3, fast metabolism 3, gourmand, regeneration
1, shaggy fur 1, tough skin 2, no earth magic, no summoning magic, no
transmutations magic
a: Renounce Religion


You were on level 6 of the Dungeon.
You worshipped Ru.
Ru was aware of your devotion.
You were very full.

You visited 2 branches of the dungeon, and saw 7 of its levels.
You also visited: Sewer.

You collected 308 gold pieces.

Inventory:

Armour
 a - a +1 robe (worn)
 c - a scarf of repulsion (worn)
 k - a +2 cloak
Jewellery
 o - a ring of stealth (left claw)
Wands
 e - a wand of flame (39)
 h - a wand of iceblast (23)
Scrolls
 d - 3 scrolls of teleportation
 i - 3 scrolls of identify
 j - 4 scrolls of fear
 m - a scroll of enchant armour
 n - a scroll of remove curse
 q - 2 scrolls of enchant weapon
Potions
 g - a potion of curing
 l - a potion of might
 p - a potion of brilliance
 r - a potion of flight
 t - a potion of ambrosia {unknown}
Comestibles
 b - 10 rations
 s - 5 chunks of flesh


   Skills:
 + Level 3.8 Fighting
 + Level 4.6 Dodging
 - Level 1.0 Stealth
 + Level 9.4 Unarmed Combat


You had 7 spell levels left.
You didn't know any spells.

Dungeon Overview and Level Annotations

Branches:
Dungeon (6/15)             Temple (1/1) D:4

Altars:
Ashenzari
Cheibriados
Dithmenos
Elyvilon
Fedhas
Gozag
Hepliaklqana
Kikubaaqudgha
Okawaru
Qazlal
Ru
Sif Muna
Trog
Uskayaw
Vehumet
Wu Jian
Xom
Yredelemnul
Zin
The Shining One


Innate Abilities, Weirdness & Mutations

You are too large for most types of armour.
You have claws for hands.
Your metabolism is lightning-fast.
You like to eat raw meat.
Your natural rate of healing is unusually fast.
You are covered in fur. (AC +1)
You have very tough skin. (AC +2)
You cannot study or cast Earth magic.
You cannot study or cast Summoning magic.
You cannot study or cast Transmutations magic.


Message History

The orc warrior is severely wounded.
The orc warrior hits you with a scimitar!
You scratch the orc warrior.
The orc warrior is severely wounded.
You claw the orc warrior!
You kill the orc warrior!
You hear some strange, mumbled words.
A puff of frost appears from out of thin air!
The puff of frost is repelled.
You claw the orc warrior!
The orc warrior is heavily wounded.
The orc warrior barely misses you.
You scratch the orc warrior but do no damage.
The orc warrior is heavily wounded.
The orc warrior hits you with a short sword!
* * * LOW HITPOINT WARNING * * *
You closely miss the orc warrior.
The orc warrior is moderately wounded.
The orc warrior hits you with a short sword!!
You die...

#.'....##.# .......
#.#....##.# .......
#.#.....#.# .......
#.#.......# .......
#.#...#...##### .......
..#...#.......####.......
###...#.......##.oo......
........>##..##o#.######
......###.#...@o{#.#
###.#.# #.#...####.# # #
#.#...# .# .....## .#
#.##### .. # ##


You could see an orc warrior, an orc priest and 2 orcs.

Vanquished Creatures
  Prince Ribbit (D:5)
  Grinder (D:4)
  An orc warrior (D:6)
  An ice beast (D:6)
  The ghost of inc the Changer, an amateur FeTm (D:4)
  An ogre (D:4)
  2 scorpions (D:5)
  A bullfrog zombie (D:6)
  A centaur skeleton (D:4)
  A bullfrog skeleton (D:5)
  A jelly (D:5)
  2 orc wizards (D:5)
  Crazy Yiuf (D:3)
  Jessica (D:3)
  Natasha (twice) (D:2)
  A worker ant (D:5)
  Ijyb (D:5)
  A hound zombie (D:4)
  A worker ant zombie (D:5)
  Robin (D:2)
  13 adders
  A river rat (D:3)
  A shadow imp (D:5)
  4 oozes
  7 worms
  A dart slug (D:4)
  7 leopard geckos
  7 orcs
  5 giant cockroaches
  16 goblins
  5 hobgoblins
  4 jackals (D:6)
  4 quokkas
  3 ball pythons
  10 bats
  6 frilled lizards
  12 kobolds
  A quokka skeleton (D:4)
  17 rats
147 creatures vanquished.

Notes
Turn   | Place    | Note
-------+----------+-------------------------------------------
     0 | D:1      | kaesh the Troll Monk began the quest for the Orb.
     0 | D:1      | Reached XP level 1. HP: 22/22 MP: 0/0
   191 | D:1      | Reached XP level 2. HP: 29/29 MP: 1/1
   621 | D:2      | Reached XP level 3. HP: 23/36 MP: 2/2
   633 | D:2      | Noticed Robin
   644 | D:2      | Killed Robin
   791 | D:2      | Reached XP level 4. HP: 44/44 MP: 3/3
   864 | D:2      | Reached skill level 4 in Unarmed Combat
  1184 | D:2      | Noticed Natasha
  1194 | D:2      | Killed Natasha
  1367 | D:2      | Noticed Natasha
  1375 | D:2      | Killed Natasha
  1375 | D:2      | Reached XP level 5. HP: 35/53 MP: 4/4
  1726 | D:3      | Noticed Jessica
  1730 | D:3      | Killed Jessica
  1812 | D:3      | Reached skill level 5 in Unarmed Combat
  2150 | D:3      | Found a glowing drain.
  2166 | Sewer    | Entered a sewer
  2597 | D:3      | Reached XP level 6. HP: 61/61 MP: 5/5
  2972 | D:3      | Found a runed door.
  2976 | D:3      | Noticed Crazy Yiuf
  2980 | D:3      | Killed Crazy Yiuf
  3195 | D:4      | Noticed Grinder
  3201 | D:4      | Paralysed by Grinder for 4 turns
  3211 | D:4      | Paralysed by Grinder for 2 turns
  3216 | D:4      | Killed Grinder
  3216 | D:4      | Reached skill level 6 in Unarmed Combat
  3216 | D:4      | Reached XP level 7. HP: 37/67 MP: 6/6
  3361 | D:4      | Found a staircase to the Ecumenical Temple.
  3364 | D:4      | Noticed inc's ghost (amateur FeTm)
  3375 | D:4      | Killed inc's ghost
  3375 | D:4      | Reached skill level 7 in Unarmed Combat
  3397 | Temple   | Entered the Ecumenical Temple
  3498 | Temple   | Became a worshipper of Ru the Awakened
  3514 | Temple   | Gained mutation: You cannot study or cast Earth magic. [Ru sacrifice]
  3514 | Temple   | Gained mutation: You cannot study or cast Transmutations magic. [Ru sacrifice]
  3514 | Temple   | Gained mutation: You cannot study or cast Summoning magic. [Ru sacrifice]
  3514 | Temple   | Reached * piety under Ru
  3954 | D:5      | Entered Level 5 of the Dungeon
  4091 | D:5      | Noticed Prince Ribbit
  4255 | D:5      | Killed Prince Ribbit
  4255 | D:5      | Reached skill level 8 in Unarmed Combat
  4255 | D:5      | Reached XP level 8. HP: 56/76 MP: 7/7
  4306 | D:5      | Found a snail-covered altar of Cheibriados.
  4306 | D:5      | Found a basalt altar of Yredelemnul.
  4346 | D:5      | Noticed Ijyb
  4354 | D:5      | Killed Ijyb
  4817 | D:6      | Reached skill level 9 in Unarmed Combat
  4885 | D:6      | Slain by an orc warrior

Skill      XL: |  1  2  3  4  5  6  7  8 |
---------------+-------------------------+-----
Dodging        | 3 4 |  4.6
Unarmed Combat | 4 5 6 8 9 |  9.4
Fighting       | 3 |  3.8
Stealth        | |  1.0

Action                   |  1- 3 |  4- 6 |  7- 9 || total
-------------------------+-------+-------+-------++-------
Melee: Unarmed           |   101 |   205 |   147 ||   453
       Punch             |       |     2 |     5 ||     7
Invok: Sacrifice Arcana  |       |       |     1 ||     1
  Use: Scroll            |     1 |     6 |     2 ||     9
       Potion            |       |     8 |     3 ||    11
 Stab: Distracted        |       |       |     1 ||     1
       Sleeping          |       |       |     1 ||     1
  Eat: Chunk             |    13 |    23 |    15 ||    51
Armor: Robe              |    38 |    61 |    38 ||   137
Dodge: Dodged            |    65 |    89 |    69 ||   223
       Deflected         |     3 |     1 |     2 ||     6
